[Event "Ch FRA 2024 Seniors Plus"]
[Site "ALPE D'HUEZ, France"]
[Date "2024.08.21"]
[Round "5.1"]
[White "HADAMARD, Olivier"]
[Black "PRIE, Eric"]
[Result "1-0"]
[ECO "D30"]
[WhiteElo "1863"]
[BlackElo "2329"]
[PlyCount "46"]
[EventDate "2024.??.??"]
[TimeControl "90/40+30:0"]

1. d4 {2} d5 {17} 2. c4 {10} e6 {7} 3. Nf3 {13} a6 {146} 4. e3 {152} Nf6 {69}
5. Nc3 {141} Be7 {390} 6. h3 {905} O-O {257} 7. a3 {190} Nbd7 {664} 8. cxd5 {
181} exd5 {10} 9. Be2 {141} Bd6 {227} 10. O-O {26} c6 {222} 11. Qc2 {308} Re8 {
68} 12. Bd3 {121} Qe7 {51} 13. Bd2 {310} Ne4 {51} 14. b4 {968} Nf8 {233} 15.
Na4 {5633} Rb8 {833} 16. Be1 {296} Ng6 {1004} 17. Qe2 {148} f5 {76} 18. Nh2 {
307} f4 {70} 19. Bxe4 {196} dxe4 {89} 20. Bd2 {68} f3 {31} 21. gxf3 {146} Bxh2+
{259} 22. Kxh2 {34} Qh4 {10} 23. Rh1 {77} Bxh3 {22} 1-0

[Event "Ch FRA 2024 Seniors Plus"]
[Site "ALPE D'HUEZ, France"]
[Date "2024.08.21"]
[Round "5.2"]
[White "QUILLIEN, Emmanuel"]
[Black "COSTE, Thierry"]
[Result "1/2-1/2"]
[ECO "A46"]
[WhiteElo "2127"]
[BlackElo "2002"]
[PlyCount "82"]
[EventDate "2024.??.??"]
[TimeControl "90/40+30:0"]

1. d4 {201} Nf6 {49} 2. Nf3 {78} d6 {47} 3. e3 {113} g6 {59} 4. b4 {108} Bg7 {
19} 5. Bb2 {8} O-O {38} 6. Be2 {142} b6 {69} 7. O-O {58} Bb7 {19} 8. c4 {27}
Nbd7 {233} 9. Qc2 {226} c5 {278} 10. bxc5 {185} bxc5 {153} 11. d5 {265} Qc7 {
349} 12. Nc3 {180} Rad8 {332} 13. Rfd1 {537} Rfe8 {91} 14. Rab1 {26} a6 {382}
15. Ba1 {164} e5 {208} 16. Qa4 {463} Rb8 {232} 17. Rb3 {182} Nb6 {690} 18. Qa5
{5578} Nfd7 {337} 19. Rdb1 {189} Bf6 {553} 20. Na4 {374} Bd8 {98} 21. Nxb6 {19}
Nxb6 {258} 22. Bc3 {606} Bc8 {162} 23. Nd2 {153} f5 {354} 24. Qa3 {32} Qa7 {68}
25. Ba5 {147} Nd7 {244} 26. Rxb8 {173} Nxb8 {6} 27. Bxd8 {73} Rxd8 {7} 28. Qa5
{97} Rd7 {96} 29. Bd1 {203} Rc7 {103} 30. Ba4 {45} Bd7 {97} 31. Qb6 {101} Qxb6
{149} 32. Rxb6 {7} Bxa4 {21} 33. Rxb8+ {6} Kf7 {46} 34. Rb6 {20} Ke7 {51} 35.
Rxa6 {106} Bc2 {236} 36. Rb6 {78} Ra7 {41} 37. Rb2 {6} Bd3 {55} 38. Rb3 {46}
Bc2 {72} 39. Rb2 {20} Bd3 {10} 40. Rb3 {121} Bc2 {11} 41. Rb2 {12} Bd1 1/2-1/2

[Event "Ch FRA 2024 Seniors Plus"]
[Site "ALPE D'HUEZ, France"]
[Date "2024.08.21"]
[Round "5.3"]
[White "LAUFERON, Patrick"]
[Black "MEZOUAGHI, Miloud"]
[Result "1-0"]
[ECO "A41"]
[WhiteElo "2063"]
[BlackElo "2010"]
[PlyCount "110"]
[EventDate "2024.??.??"]
[TimeControl "90/40+30:0"]

1. d4 {2} d6 {246} 2. c4 {98} e5 {82} 3. d5 {112} Nf6 {167} 4. Nc3 {49} Bf5 {
253} 5. Nf3 {381} h6 {148} 6. Nd2 {334} Nbd7 {296} 7. e4 {51} Bh7 {80} 8. Bd3 {
486} Be7 {406} 9. O-O {108} O-O {56} 10. a3 {203} a5 {251} 11. Rb1 {30} c6 {197
} 12. Bc2 {725} Qc7 {301} 13. Qe2 {429} Rfe8 {322} 14. Nf3 {301} Rec8 {5918}
15. Be3 {564} Bf8 {532} 16. Rfc1 {213} Qb8 {418} 17. Nd2 {165} cxd5 {76} 18.
cxd5 {18} Nc5 {112} 19. f3 {72} Be7 {104} 20. Qb5 {281} Ne8 {74} 21. Qe2 {411}
Bg5 {67} 22. Bxg5 {80} hxg5 {3} 23. Nb5 {56} a4 {103} 24. Nc4 {138} b6 {83} 25.
b4 {137} axb3 {52} 26. Bxb3 {16} f5 {211} 27. Bc2 {187} f4 {29} 28. h3 {72} Bg6
{54} 29. Kh1 {57} Rd8 {5} 30. Rb4 {144} Ra6 {21} 31. Rcb1 {43} Qb7 {31} 32. Nc3
{71} Qa7 {195} 33. Rxb6 {102} Rxb6 {22} 34. Rxb6 {5} Rb8 {23} 35. Nb5 {87} Qa8
{33} 36. Rxb8 {34} Qxb8 {3} 37. a4 {20} Kf7 {78} 38. Qd2 {56} g4 {28} 39. hxg4
{41} Qd8 {30} 40. Kg1 {76} Ke7 {54} 41. Qb4 {68} Na6 {115} 42. Qa3 {176} Nac7 {
89} 43. Nxe5 {837} Nxb5 {21} 44. axb5 {45} Qb6+ {23} 45. Kh2 {15} Qf2 {57} 46.
Nxg6+ {22} Kf6 {89} 47. Nxf4 {38} Qxc2 {39} 48. Qa1+ {90} Kg5 {139} 49. Nh3+ {
41} Kg6 {24} 50. b6 {104} Qb3 {30} 51. Qd4 {25} Nf6 {23} 52. Nf4+ {63} Kf7 {64}
53. g5 {45} Nd7 {10} 54. g6+ {5} Kg8 {40} 55. Nh5 {328} Ne5 {5} 1-0

[Event "Ch FRA 2024 Seniors Plus"]
[Site "ALPE D'HUEZ, France"]
[Date "2024.08.21"]
[Round "5.4"]
[White "COLLAS, Didier"]
[Black "CALIN, Miguel"]
[Result "1-0"]
[ECO "B36"]
[WhiteElo "2367"]
[BlackElo "1932"]
[PlyCount "121"]
[EventDate "2024.??.??"]
[TimeControl "90/40+30:0"]

1. c4 {63} c5 {15} 2. Nf3 {27} Nf6 {218} 3. d4 {23} cxd4 {89} 4. Nxd4 {7} Nc6 {
230} 5. Nc3 {24} g6 {493} 6. e4 {19} d6 {48} 7. f3 {116} Bg7 {294} 8. Be3 {13}
Bd7 {292} 9. Qd2 {315} h5 {494} 10. Be2 {199} a6 {144} 11. O-O {46} Rc8 {196}
12. Rac1 {993} Ne5 {249} 13. Nd5 {255} O-O {584} 14. h3 {228} Bc6 {249} 15.
Rfd1 {5810} Re8 {383} 16. Bf1 {35} Ned7 {275} 17. b4 {125} Ba4 {51} 18. Re1 {9}
Bc6 {309} 19. Nc3 {160} Nb8 {86} 20. Nb3 {71} b6 {185} 21. Nd5 {94} Nbd7 {50}
22. Qf2 {48} Rb8 {53} 23. Nd4 {13} Ba8 {74} 24. a3 {22} e6 {138} 25. Nc3 {168}
d5 {215} 26. cxd5 {37} exd5 {8} 27. exd5 {30} Nxd5 {92} 28. Nxd5 {26} Bxd5 {2}
29. Nc6 {13} Bxc6 {106} 30. Rxc6 {4} a5 {76} 31. Rd1 {420} Qe7 {160} 32. Bf4 {
13} Rb7 {101} 33. Rcd6 {262} axb4 {41} 34. axb4 {2} Be5 {118} 35. Bxe5 {26}
Nxe5 {18} 36. Rxb6 {12} Rc7 {131} 37. Rbd6 {79} Nc4 {95} 38. Bxc4 {194} Rxc4 {1
} 39. b5 {42} Qe5 {175} 40. b6 {26} Rb4 {41} 41. R6d4 {133} Rxd4 {349} 42. Qxd4
{295} Qxd4+ {15} 43. Rxd4 {4} Re1+ {7} 44. Kf2 {175} Rb1 {2} 45. Rd6 {92} Kf8 {
76} 46. Ke3 {58} Ke7 {27} 47. Rc6 {10} Rb4 {425} 48. g4 {293} hxg4 {19} 49.
hxg4 {6} g5 {159} 50. Rc7+ {224} Kd8 {115} 51. Rxf7 {40} Rxb6 {7} 52. Ke4 {8}
Ke8 {32} 53. Rf5 {16} Rg6 {19} 54. Ra5 {13} Kf8 {405} 55. Kf5 {624} Kg7 {175}
56. Ra7+ {11} Kh6 {8} 57. Ra3 {201} Rb6 {29} 58. Re3 {25} Rb5+ {117} 59. Kf6 {
24} Rb6+ {122} 60. Re6 {12} Rb4 {83} 61. Kf5+ {
Rb3 [%emt 00:01:37] Re7 [%emt 00:00:26] 11} 1-0

[Event "Ch FRA 2024 Seniors Plus"]
[Site "ALPE D'HUEZ, France"]
[Date "2024.08.22"]
[Round "6.1"]
[White "PRIE, Eric"]
[Black "LAUFERON, Patrick"]
[Result "1-0"]
[ECO "C02"]
[WhiteElo "2329"]
[BlackElo "2063"]
[PlyCount "57"]
[EventDate "2024.??.??"]
[TimeControl "90/40+30:0"]

1. e4 {5} e6 {21} 2. d4 {5} d5 {10} 3. e5 {10} c5 {22} 4. c3 {6} Nc6 {35} 5.
Nf3 {9} cxd4 {162} 6. cxd4 {10} Nge7 {6} 7. Na3 {105} Nf5 {173} 8. Nc2 {12} Be7
{66} 9. Bd3 {345} a6 {756} 10. h4 {621} h5 {583} 11. Bg5 {394} f6 {807} 12.
Bxf5 {120} exf5 {18} 13. exf6 {56} Bxf6 {68} 14. O-O {186} O-O {58} 15. Re1 {
103} Bxg5 {466} 16. Nxg5 {14} g6 {28} 17. f4 {356} Qf6 {265} 18. Qf3 {347} Rd8
{113} 19. Rad1 {56} a5 {74} 20. Rd2 {195} Qd6 {508} 21. Rde2 {145} Bd7 {31} 22.
Re6 {34} Bxe6 {1045} 23. Rxe6 {24} Nxd4 {25} 24. Nxd4 {15} Qb4 {17} 25. Rxg6+ {
213} Kf8 {25} 26. Nge6+ {199} Ke7 {28} 27. Rg7+ {44} Kd6 {139} 28. Qe3 {17} Rh8
{26} 29. Rg5 {1} 1-0

[Event "Ch FRA 2024 Seniors Plus"]
[Site "ALPE D'HUEZ, France"]
[Date "2024.08.22"]
[Round "6.2"]
[White "COSTE, Thierry"]
[Black "COLLAS, Didier"]
[Result "1-0"]
[ECO "C56"]
[WhiteElo "2002"]
[BlackElo "2367"]
[PlyCount "128"]
[EventDate "2024.??.??"]
[TimeControl "90/40+30:0"]

1. e4 {7} e5 {370} 2. Nf3 {16} Nc6 {7} 3. d4 {15} exd4 {6} 4. Bc4 {11} Nf6 {32}
5. O-O {49} Nxe4 {13} 6. Re1 {23} d5 {6} 7. Bxd5 {14} Qxd5 {6} 8. Nc3 {10} Qa5
{69} 9. Nxe4 {8} Be6 {12} 10. Bd2 {44} Bb4 {27} 11. Nxd4 {136} Nxd4 {7} 12. c3
{5} Be7 {35} 13. cxd4 {13} Qd5 {27} 14. Rc1 {343} c6 {1443} 15. Qf3 {660} O-O {
2353} 16. Qg3 {125} Kh8 {12} 17. b3 {532} Rad8 {198} 18. h3 {717} Rfe8 {30} 19.
Bf4 {164} Qd7 {406} 20. Re2 {532} Bd5 {42} 21. Rce1 {324} f6 {356} 22. h4 {242}
Bb4 {63} 23. Nd2 {320} Rxe2 {75} 24. Rxe2 {6} Re8 {24} 25. Qd3 {259} Re7 {57}
26. Bg3 {327} h6 {12} 27. Nf1 {292} Rxe2 {47} 28. Qxe2 {4} Qe6 {4} 29. Qxe6 {94
} Bxe6 {1} 30. Bb8 {29} a5 {29} 31. Ba7 {24} a4 {226} 32. bxa4 {30} Bxa2 {2}
33. Bc5 {157} Ba5 {12} 34. Ne3 {134} Bb3 {6} 35. g3 {364} g6 {136} 36. Kg2 {28}
Kg7 {44} 37. Kf3 {9} h5 {103} 38. Ke4 {182} Bxa4 {68} 39. Nc4 {107} Be1 {35}
40. Nb6 {208} Bc2+ {76} 41. Ke3 {57} Bb3 {63} 42. Ke2 {44} Ba5 {294} 43. Ke3 {
220} Kf7 {87} 44. Ke2 {138} Be6 {151} 45. f3 {112} Bc3 {97} 46. Kf2 {83} Bb3 {
78} 47. Ke2 {63} Ke6 {17} 48. Kf2 {42} Bd1 {25} 49. Nc4 {190} b5 {192} 50. Ne3
{7} Bb3 {12} 51. Ke2 {34} Ba4 {389} 52. Bb6 {333} Bb3 {240} 53. Bc5 {149} Bd5 {
166} 54. Bb6 {40} Bc4+ {91} 55. Kf2 {89} Bd3 {20} 56. Nd1 {198} Bd2 {39} 57.
Nb2 {70} Bc2 {47} 58. Ke2 {36} Bc3 {28} 59. Nd3 {41} Bxd3+ {19} 60. Kxd3 {5}
Be1 {5} 61. Bc7 {29} Kd5 {84} 62. Bd8 {135} f5 {6} 63. Bc7 {10} Bf2 {5} 64. Be5
{6} c5 {Ke4+ [%clk 00:07:14] [%emt 00:00:43] 5} 1-0

[Event "Ch FRA 2024 Seniors Plus"]
[Site "ALPE D'HUEZ, France"]
[Date "2024.08.22"]
[Round "6.3"]
[White "BLANCHARD, Samuel"]
[Black "HEURTEBIZE, Olivier"]
[Result "0-1"]
[ECO "B40"]
[WhiteElo "1972"]
[BlackElo "2233"]
[PlyCount "100"]
[EventDate "2024.??.??"]
[TimeControl "90/40+30:0"]

1. e4 {6} c5 {6} 2. Nf3 {23} e6 {5} 3. d4 {22} cxd4 {2} 4. Qxd4 {13} Qc7 {353}
5. Nc3 {397} a6 {63} 6. Bd3 {1376} Nc6 {337} 7. Qe3 {18} d6 {701} 8. b3 {157}
Nf6 {277} 9. Bb2 {10} b5 {104} 10. O-O-O {66} Be7 {42} 11. Kb1 {44} Ng4 {991}
12. Qd2 {422} Qa7 {333} 13. Rdf1 {35} b4 {450} 14. Na4 {243} Bf6 {97} 15. h3 {
44} Bxb2 {53} 16. Nxb2 {15} Nge5 {7} 17. Nxe5 {14} dxe5 {12} 18. Qg5 {82} O-O {
66} 19. f4 {50} f6 {35} 20. Qh5 {449} exf4 {238} 21. Rxf4 {54} Ne5 {111} 22.
Rhf1 {104} Bd7 {196} 23. Bc4 {569} Nxc4 {130} 24. Nxc4 {22} Bb5 {9} 25. e5 {519
} f5 {208} 26. g4 {377} g6 {310} 27. Qg5 {152} Qc7 {180} 28. gxf5 {52} Bxc4 {35
} 29. Rxc4 {246} Qxe5 {11} 30. Qg1 {587} exf5 {107} 31. Rxb4 {13} Rac8 {86} 32.
Qd4 {61} Qxd4 {258} 33. Rxd4 {1} Rc3 {7} 34. h4 {32} Kg7 {10} 35. Rd6 {57} Rf6
{45} 36. Rfd1 {39} f4 {57} 37. Rd8 {120} f3 {73} 38. Kb2 {16} Rc7 {28} 39. Rf1
{26} h6 {86} 40. Rd3 {24} Rcf7 {12} 41. c4 {172} g5 {50} 42. hxg5 {33} hxg5 {9}
43. Rd4 {843} Kg6 {486} 44. b4 {56} Rf4 {28} 45. Kc3 {34} g4 {20} 46. Rd6+ {534
} R7f6 {98} 47. Rd8 {180} f2 {131} 48. Kd3 {59} Kg5 {17} 49. Re8 {141} Kh4 {92}
50. Re3 {21} g3 {25} 0-1

[Event "Ch FRA 2024 Seniors Plus"]
[Site "ALPE D'HUEZ, France"]
[Date "2024.08.22"]
[Round "6.4"]
[White "QUILLIEN, Emmanuel"]
[Black "HADAMARD, Olivier"]
[Result "1-0"]
[ECO "D94"]
[WhiteElo "2127"]
[BlackElo "1863"]
[PlyCount "107"]
[EventDate "2024.??.??"]
[TimeControl "90/40+30:0"]

1. Nf3 {337} Nf6 {21} 2. c4 {32} c6 {25} 3. Nc3 {24} d5 {41} 4. e3 {7} g6 {383}
5. Be2 {314} Bg7 {6} 6. O-O {6} O-O {13} 7. d4 {45} Nbd7 {414} 8. Qc2 {438} Re8
{96} 9. Rd1 {391} Nb6 {717} 10. cxd5 {292} cxd5 {262} 11. Bd2 {455} Bf5 {25}
12. Qb3 {14} Rc8 {76} 13. Rac1 {58} Ne4 {182} 14. Be1 {236} e6 {445} 15. a4 {
375} Re7 {467} 16. Nb5 {454} a6 {163} 17. Ba5 {489} Rxc1 {429} 18. Rxc1 {6}
axb5 {20} 19. Qxb5 {27} Rc7 {79} 20. Rxc7 {62} Qxc7 {6} 21. Qxb6 {603} Qc1+ {
172} 22. Ne1 {39} Nd2 {327} 23. Bxd2 {23} Qxd2 {3} 24. Kf1 {472} Bf8 {12} 25.
g4 {432} Bb4 {82} 26. gxf5 {88} Qxe1+ {21} 27. Kg2 {4} Be7 {239} 28. Qxb7 {139}
Bh4 {762} 29. Qb8+ {21} Kg7 {22} 30. Qf4 {28} g5 {224} 31. f6+ {62} Kg6 {279}
32. Qf3 {40} Qd2 {216} 33. b3 {59} h6 {27} 34. Bf1 {126} h5 {40} 35. h3 {7} Qc3
{46} 36. e4 {36} Qxd4 {24} 37. exd5 {19} exd5 {31} 38. Bd3+ {149} Kh6 {21} 39.
a5 {128} g4 {56} 40. hxg4 {36} Bxf6 {105} 41. Qe3+ {47} Qxe3 {41} 42. fxe3 {10}
Be7 {20} 43. gxh5 {559} Bc5 {58} 44. Kf3 {50} Kxh5 {13} 45. Kf4 {42} f6 {50}
46. Kf5 {181} Bxe3 {60} 47. Kxf6 {77} Ba7 {368} 48. b4 {341} Kg4 {138} 49. Ke5
{229} Kf3 {43} 50. Kxd5 {25} Ke3 {19} 51. Kc4 {33} Kf4 {55} 52. Kd5 {133} Ke3 {
22} 53. Bf5 {39} Kd2 {20} 54. b5 {43} 1-0

[Event "Ch FRA  2024 Seniors Plus"]
[Site "ALPE D'HUEZ, France"]
[Date "2024.08.23"]
[Round "7.1"]
[White "COLLAS, Didier"]
[Black "PRIE, Eric"]
[Result "1/2-1/2"]
[ECO "B12"]
[WhiteElo "2367"]
[BlackElo "2329"]
[PlyCount "36"]
[EventDate "2024.??.??"]
[TimeControl "90/40+30:0"]

1. e4 {3} c6 {13} 2. d4 {13} d5 {8} 3. e5 {9} Bf5 {9} 4. Nf3 {10} e6 {14} 5.
Be2 {10} Nd7 {98} 6. O-O {13} Ne7 {32} 7. Nbd2 {570} h6 {27} 8. Nb3 {19} Bh7 {
56} 9. a4 {478} a5 {25} 10. Bd2 {606} Ng6 {137} 11. g3 {178} Be7 {90} 12. Re1 {
47} O-O {36} 13. Bf1 {72} Qb6 {870} 14. Be3 {275} Rfd8 {157} 15. h4 {551} Rac8
{1703} 16. Bd2 {664} Ra8 {53} 17. Be3 {8} Rac8 {9} 18. Bd2 {195} Ra8 {21}
1/2-1/2

[Event "Ch FRA  2024 Seniors Plus"]
[Site "ALPE D'HUEZ, France"]
[Date "2024.08.23"]
[Round "7.2"]
[White "HEURTEBIZE, Olivier"]
[Black "QUILLIEN, Emmanuel"]
[Result "1-0"]
[ECO "A14"]
[WhiteElo "2233"]
[BlackElo "2127"]
[PlyCount "107"]
[EventDate "2024.??.??"]
[TimeControl "90/40+30:0"]

1. Nf3 {0} c5 {68} 2. g3 {7} b6 {22} 3. Bg2 {14} Bb7 {9} 4. c4 {17} Nf6 {93} 5.
O-O {63} e6 {17} 6. b3 {103} Be7 {70} 7. Bb2 {56} O-O {25} 8. e3 {246} d5 {589}
9. Qe2 {267} Nc6 {352} 10. d4 {562} cxd4 {318} 11. Nxd4 {158} Nxd4 {287} 12.
Bxd4 {13} Qb8 {349} 13. cxd5 {70} Bxd5 {271} 14. e4 {441} Bc6 {473} 15. Nd2 {
423} Qb7 {172} 16. Rac1 {114} Rac8 {52} 17. Rfe1 {281} Rfd8 {86} 18. Bc3 {55}
b5 {276} 19. b4 {126} Nd7 {253} 20. Nb3 {428} a6 {514} 21. Na5 {67} Qb8 {130}
22. Bxg7 {506} Ba8 {16} 23. Bh6 {50} Ne5 {388} 24. a3 {192} Rxc1 {361} 25. Rxc1
{13} Qd6 {37} 26. Be3 {168} Nd3 {336} 27. Rf1 {467} f5 {64} 28. exf5 {72} Bxg2
{38} 29. Kxg2 {78} exf5 {18} 30. Qf3 {333} Qd5 {275} 31. Nc6 {111} Qxf3+ {12}
32. Kxf3 {13} Rd7 {7} 33. Nxe7+ {40} Rxe7 {0} 34. Ra1 {159} Re4 {122} 35. Rd1 {
140} Ne5+ {12} 36. Ke2 {229} Nc4 {0} 37. Rd3 {162} Kf7 {0} 38. f3 {0} Re6 {50}
39. Kf2 {34} Rc6 {121} 40. Bc5 {44} Rh6 {47} 41. h4 {41} f4 {49} 42. gxf4 {91}
Rxh4 {29} 43. Kg3 {9} Rh6 {397} 44. f5 {101} Kf6 {645} 45. Rd5 {22} Rh1 {397}
46. Bd4+ {211} Ke7 {69} 47. Kg4 {296} Rh2 {92} 48. f6+ {38} Ke6 {32} 49. Rd8 {
96} Rg2+ {406} 50. Kf4 {24} Nd6 {34} 51. Be5 {180} Nc4 {25} 52. Re8+ {25} Kf7 {
32} 53. Re7+ {8} Kg8 {55} 54. Bd4 {27} 1-0

[Event "Ch FRA  2024 Seniors Plus"]
[Site "ALPE D'HUEZ, France"]
[Date "2024.08.23"]
[Round "7.3"]
[White "LAUFERON, Patrick"]
[Black "GUADALPI, David"]
[Result "0-1"]
[ECO "D20"]
[WhiteElo "2063"]
[BlackElo "2270"]
[PlyCount "67"]
[EventDate "2024.??.??"]
[TimeControl "90/40+30:0"]

1. d4 {70557} d5 {140} 2. c4 {43} dxc4 {44} 3. e4 {133} Nc6 {43} 4. Be3 {118}
e5 {284} 5. d5 {23} Na5 {6} 6. Bxc4 {458} Nxc4 {369} 7. Qa4+ {9} Bd7 {6} 8.
Qxc4 {9} Bd6 {13} 9. Nc3 {118} Nf6 {91} 10. f3 {318} O-O {81} 11. Nge2 {23} a6
{76} 12. a4 {14} Qe7 {117} 13. O-O {45} Ne8 {377} 14. Rae1 {313} Rb8 {435} 15.
Ng3 {560} b5 {48} 16. axb5 {27} axb5 {4} 17. Qb3 {125} Bc5 {552} 18. Bxc5 {435}
Qxc5+ {6} 19. Kh1 {4} Nd6 {175} 20. Rc1 {762} Qe3 {441} 21. Rfe1 {119} Qg5 {84}
22. Nce2 {101} Rb7 {316} 23. Qb4 {233} h5 {52} 24. Rc2 {198} h4 {87} 25. Nf1 {
11} h3 {30} 26. g3 {438} f5 {317} 27. exf5 {171} Qxf5 {438} 28. Rc3 {96} e4 {33
} 29. Nf4 {427} exf3 {184} 30. Re7 {118} Rf7 {452} 31. Rce3 {94} Ra7 {146} 32.
R7e5 {118} Ra1 {135} 33. Kg1 {73} Qc2 {70} 34. Qc3 {351} 0-1

[Event "Ch FRA  2024 Seniors Plus"]
[Site "ALPE D'HUEZ, France"]
[Date "2024.08.23"]
[Round "7.4"]
[White "SONNET, Jean-Pierre"]
[Black "MEZOUAGHI, Miloud"]
[Result "0-1"]
[ECO "A04"]
[WhiteElo "2101"]
[BlackElo "2010"]
[PlyCount "90"]
[EventDate "2024.??.??"]
[TimeControl "90/40+30:0"]

1. e4 {37} c5 {256} 2. Nf3 {29} e6 {16} 3. d3 {38} Nc6 {59} 4. g3 {10} g6 {5}
5. Bg2 {7} Bg7 {5} 6. O-O {14} Nge7 {111} 7. Nbd2 {203} O-O {102} 8. c3 {33} d5
{365} 9. Qe2 {570} b5 {320} 10. e5 {115} Qb6 {416} 11. Re1 {312} a5 {230} 12.
h4 {62} a4 {200} 13. Nf1 {96} b4 {86} 14. c4 {88} dxc4 {1304} 15. dxc4 {12} Nf5
{52} 16. Bf4 {102} Nfd4 {257} 17. Nxd4 {414} Nxd4 {4} 18. Qd3 {213} Bb7 {30}
19. Bxb7 {313} Qxb7 {3} 20. Nh2 {60} Rfd8 {186} 21. Rad1 {172} Rd7 {303} 22.
Rd2 {193} h6 {845} 23. Qe3 {252} Rad8 {41} 24. g4 {589} Kh7 {355} 25. f3 {47}
Qa6 {122} 26. b3 {443} axb3 {28} 27. axb3 {7} Qb7 {55} 28. Red1 {166} Ra8 {228}
29. Kg2 {82} Qb6 {103} 30. Kh3 {38} Ra3 {28} 31. Rb1 {119} Rda7 {32} 32. Nf1 {
75} Ra1 {21} 33. Rdd1 {71} Rxb1 {44} 34. Rxb1 {9} Qc6 {51} 35. Nd2 {449} Ra2 {
27} 36. Rf1 {79} Rc2 {108} 37. Ne4 {80} Rb2 {43} 38. Nd2 {14} Qc7 {19} 39. Rf2
{97} Rc2 {32} 40. Ne4 {153} Rxf2 {11} 41. Nxf2 {25} Qa5 {578} 42. Ne4 {51} Qa1
{386} 43. Nd2 {125} Qc3 {478} 44. Ne4 {685} Qxb3 {34} 45. Nxc5 {30} Qxc4 {6}
0-1

[Event "Ch FRA 2024 Seniors Plus"]
[Site "ALPE D'HUEZ, France"]
[Date "2024.08.24"]
[Round "8.1"]
[White "PRIE, Eric"]
[Black "HEURTEBIZE, Olivier"]
[Result "1/2-1/2"]
[ECO "B22"]
[WhiteElo "2329"]
[BlackElo "2233"]
[PlyCount "49"]
[EventDate "2024.??.??"]
[TimeControl "90/40+30:0"]

1. e4 {3} c5 {7} 2. Nf3 {9} e6 {9} 3. c3 {8} Nf6 {13} 4. e5 {8} Nd5 {5} 5. d4 {
7} cxd4 {8} 6. cxd4 {10} b6 {88} 7. Nc3 {11} Nxc3 {601} 8. bxc3 {99} Qc7 {90}
9. Bd2 {151} Bb7 {191} 10. Bd3 {70} d6 {31} 11. O-O {19} Nd7 {35} 12. Re1 {8}
g6 {989} 13. a4 {2456} dxe5 {788} 14. Nxe5 {89} Nxe5 {17} 15. dxe5 {512} Bc6 {
673} 16. c4 {545} Bg7 {307} 17. Bc3 {382} O-O {159} 18. Bf1 {7} Rfd8 {22} 19.
Qc1 {186} a5 {100} 20. h4 {82} Bf8 {134} 21. h5 {12} Qd7 {194} 22. Qc2 {238}
Bc5 {26} 23. Ra2 {131} Qe7 {70} 24. hxg6 {276} hxg6 {107} 25. Bd3 {20} 1/2-1/2

[Event "Ch FRA 2024 Seniors Plus"]
[Site "ALPE D'HUEZ, France"]
[Date "2024.08.24"]
[Round "8.2"]
[White "MEZOUAGHI, Miloud"]
[Black "COLLAS, Didier"]
[Result "0-1"]
[ECO "B50"]
[WhiteElo "2010"]
[BlackElo "2367"]
[PlyCount "99"]
[EventDate "2024.??.??"]
[TimeControl "90/40+30:0"]

1. e4 {273} c5 {57} 2. Nf3 {90} d6 {39} 3. b3 {157} Nc6 {303} 4. Bb2 {33} e5 {
123} 5. Bb5 {258} Nf6 {307} 6. Nc3 {188} g6 {63} 7. O-O {149} Bg7 {8} 8. Re1 {
687} O-O {26} 9. h3 {198} a6 {234} 10. Bc4 {478} b5 {152} 11. Bf1 {175} Bb7 {
388} 12. d3 {130} d5 {191} 13. exd5 {165} Nxd5 {6} 14. Ne4 {39} Qe7 {235} 15.
a4 {327} Nc7 {778} 16. Qd2 {606} f5 {207} 17. Ng3 {102} Qd6 {1059} 18. axb5 {0}
axb5 {38} 19. Rxa8 {96} Rxa8 {6} 20. Rb1 {11} Ra2 {516} 21. Qc1 {112} h6 {102}
22. Ne1 {36} Ne6 {79} 23. Ra1 {25} Rxa1 {107} 24. Qxa1 {46} Kh7 {16} 25. Ne2 {
47} Ned4 {41} 26. Nxd4 {42} cxd4 {43} 27. c4 {296} bxc4 {163} 28. bxc4 {4} e4 {
14} 29. Ba3 {140} Qf4 {134} 30. Qb2 {39} Ba8 {92} 31. g3 {32} Qc7 {34} 32. Ng2
{195} g5 {108} 33. Be2 {170} Ne5 {14} 34. Ne1 {44} Qc6 {23} 35. Qb5 {30} Qc7 {
33} 36. Qc5 {39} Qb7 {78} 37. Qb5 {37} Qf7 {64} 38. Bd6 {27} Ng6 {306} 39. Bh5
{73} Qe6 {6} 40. Bxg6+ {48} Kxg6 {8} 41. Kf1 {1251} exd3 {758} 42. Nxd3 {18}
Be4 {9} 43. c5 {312} Bd5 {159} 44. Qb1 {287} Bc4 {16} 45. Qc2 {40} Bb5 {199}
46. Kg1 {13} Kh7 {59} 47. g4 {25} Qe4 {33} 48. Nb4 {39} d3 {5} 49. Nxd3 {83}
Bxd3 {24} 50. Qd2 {15} 0-1

[Event "Ch FRA 2024 Seniors Plus"]
[Site "ALPE D'HUEZ, France"]
[Date "2024.08.24"]
[Round "8.3"]
[White "GUADALPI, David"]
[Black "QUILLIEN, Emmanuel"]
[Result "1-0"]
[ECO "B07"]
[WhiteElo "2270"]
[BlackElo "2127"]
[PlyCount "76"]
[EventDate "2024.??.??"]
[TimeControl "90/40+30:0"]

1. e4 {6} d6 {189} 2. Nc3 {235} Nf6 {50} 3. Nf3 {152} c6 {36} 4. d4 {186} Bg4 {
61} 5. Be2 {86} e6 {18} 6. O-O {237} d5 {23} 7. exd5 {245} cxd5 {67} 8. Ne5 {
540} Bxe2 {15} 9. Nxe2 {23} Nc6 {263} 10. Ng3 {105} Bd6 {231} 11. Re1 {153} Qc7
{283} 12. Bf4 {330} O-O {733} 13. c3 {279} b5 {138} 14. Re3 {41} Ne7 {369} 15.
Bg5 {221} Ne8 {616} 16. Bxe7 {55} Bxe7 {179} 17. f4 {1215} Nd6 {106} 18. f5 {
296} exf5 {1023} 19. Qf3 {605} Bg5 {137} 20. Re2 {20} f4 {38} 21. Nh5 {63} Ne4
{187} 22. Nxf4 {18} Bxf4 {13} 23. Qxf4 {4} b4 {148} 24. c4 {115} f5 {268} 25.
c5 {268} a5 {9} 26. Nd3 {41} Qf7 {153} 27. Rc1 {162} g5 {24} 28. Qf3 {6} Rae8 {
53} 29. c6 {70} Kh8 {30} 30. Ne5 {359} Qa7 {74} 31. Nd7 {149} Qxd4+ {62} 32.
Qe3 {2} Qxe3+ {35} 33. Rxe3 {3} Rf7 {179} 34. Rd3 {15} Rc8 {302} 35. Rxd5 {5}
Rc7 {12} 36. Nb8 {70} Kg7 {306} 37. Na6 {23} Rc8 {21} 38. c7 {16} Kf6 {72} 1-0

[Event "Ch FRA 2024 Seniors Plus"]
[Site "ALPE D'HUEZ, France"]
[Date "2024.08.24"]
[Round "8.4"]
[White "CHAUDAGNE, Christophe"]
[Black "VENNER, Laurent"]
[Result "1-0"]
[ECO "D37"]
[WhiteElo "2030"]
[BlackElo "1916"]
[PlyCount "59"]
[EventDate "2024.??.??"]
[TimeControl "90/40+30:0"]

1. d4 {74} d5 {8} 2. Nf3 {27} Nf6 {10} 3. c4 {21} e6 {9} 4. Nc3 {20} a6 {42} 5.
cxd5 {29} exd5 {8} 6. Bg5 {20} Be6 {24} 7. e3 {16} Nbd7 {64} 8. Bd3 {27} Bd6 {
19} 9. Qc2 {74} h6 {133} 10. Bh4 {184} c6 {43} 11. Bg3 {193} Qc7 {14} 12. O-O {
136} Bxg3 {228} 13. hxg3 {7} O-O {14} 14. b4 {191} b5 {1266} 15. e4 {1557} Nb6
{872} 16. e5 {149} Nfd7 {100} 17. Nh4 {114} Nc4 {284} 18. Bxc4 {231} dxc4 {38}
19. f4 {117} f5 {318} 20. g4 {185} fxg4 {137} 21. f5 {99} Bd5 {75} 22. Nxd5 {43
} cxd5 {5} 23. f6 {239} Nxe5 {187} 24. dxe5 {38} Qxe5 {10} 25. fxg7 {286} Rxf1+
{909} 26. Rxf1 {30} g3 {245} 27. Nf5 {380} Ra7 {426} 28. Qd2 {307} Qf6 {480}
29. Qxd5+ {20} Qe6 {15} 30. Qd2 1-0